 Dungeon Crawl Stone Soup version 0.28-a0-511-gcc94558de3 (webtiles) character file.

Game seed: 18319040942488421659

311 meatgazer the Distorting Demonspawn (level 6, -2/43 HPs)
             Began as a Demonspawn Abyssal Knight on Sept 21, 2021.
             Was a Believer of Lugonu.
             Slain by Duvessa (7 damage)
             ... on level 4 of the Dungeon.
             The game lasted 00:07:13 (7128 turns).

meatgazer the Distorting Demonspawn (DsAK)          Turns: 7128, Time: 00:07:13

Health: -2/43      AC: 15    Str: 11    XL:     6   Next: 18%
Magic:  17/18      EV: 10    Int: 17    God:    Lugonu [**....]
Gold:   230        SH:  0    Dex: 10    Spells: 5/5 levels left

rFire   . . .      SeeInvis .   a - +1 mace
rCold   . . .      Faith    .   (no shield)
rNeg    + + .      Spirit   .   f - +5 ring mail "Ruqell" {Rampage rElec Int+3 Dex-5}
rPois   .          Reflect  .   d - +1 helmet
rElec   +          Harm     .   (no cloak)
rCorr   .          Rampage  +   (no gloves)
Will    .....                   c - +2 pair of boots
Stlth   +.........              (no amulet)
HPRegen 0.14/turn               e - ring of flight
MPRegen 0.16/turn               j - ring of Joecko {rN++ MP+9 Stlth+}

@: flying
A: powered by death 1, powered by pain 1, big brain 1, [frail 1], [weak 1]
a: Renounce Religion, Depart the Abyss, Bend Space


You were on level 4 of the Dungeon.
You worshipped Lugonu.
Lugonu was pleased with you.
You visited 1 branch of the dungeon, and saw 5 of its levels.
You visited the Abyss 1 time.

You collected 230 gold pieces.

Inventory:

Hand Weapons
 a - a +1 mace (weapon)
Armour
 c - a +2 pair of boots (worn)
 d - a +1 helmet (worn)
 f - the +5 ring mail "Ruqell" (worn) {Rampage rElec Int+3 Dex-5}
   (You found it on level 4 of the Abyss)

   Int:       It affects your intelligence (+3).
   Dex:       It affects your dexterity (-5).
   rElec:     It insulates you from electricity.
   Rampage:   It bestows one free step when moving towards enemies.
 h - a +1 buckler
Jewellery
 b - a ring of poison resistance
 e - a ring of flight (left hand)
 j - the ring of Joecko (right hand) {rN++ MP+9 Stlth+}
   (You found it on level 4 of the Dungeon)

   [ring of magical power]

   rN:        It greatly protects you from negative energy.
   MP:        It affects your magic capacity (+9).
   Stlth:     It makes you more stealthy.
Scrolls
 l - a scroll of identify
Potions
 g - a potion of magic
 i - a potion of curing


   Skills:
 + Level 4.2 Fighting
 + Level 3.2 Maces & Flails
 - Level 1.7 Armour
 - Level 1.1 Dodging
 * Level 2.9 Shields
 + Level 4.4 Invocations


You had 5 spell levels left.
You didn't know any spells.
Your spell library contained the following spells:

 Spells                   Type           Power      Damage    Failure   Level
 Corpse Rot               Necr/Air       N/A        N/A       63%         2
 Poisonous Vapours        Pois/Air       0%         N/A       63%         2
 Stone Arrow              Conj/Erth      0%         3d7       86%         3
 Animate Armour           Summ/Erth      0%         N/A       99%         4
 Dispersal                Tloc           0%         N/A       100%        6
 Disjunction              Tloc           0%         N/A       100%        8
 Lehudib's Crystal Spear  Conj/Erth      0%         10d2      100%        8


Dungeon Overview and Level Annotations

Branches:
Dungeon (5/15)
 Temple: D:4-7

Altars:
Cheibriados

Annotations:
D:4 Dowan, Duvessa
D:5 Prince Ribbit


Innate Abilities, Weirdness & Mutations

You regenerate a little health from kills.
You sometimes gain a little power by taking damage.
You have an unusually large brain. (Int +2)
[You are frail. (-10% HP)]
[You are weak. (Str -2)]


Message History

You hit the orc wizard.
The orc wizard is almost dead.
The orc wizard hits you but does no damage.
You barely miss the orc wizard.
The orc wizard is almost dead.
The orc wizard gestures at you while chanting.
You are confused.
You're too confused to move!
The orc wizard misses you.
You bump into the rock wall.
The orc wizard points at you and mumbles some strange words.
You are more confused.
You hit the orc wizard.
The orc wizard is almost dead.
The orc wizard hits you but does no damage.
You hit the orc wizard.
You kill the orc wizard!
Lugonu accepts your kill.
You bump into the rock wall.
You start resting.
You feel less confused.
You start resting.
Duvessa is nearby!
Duvessa throws a stone.
The stone hits you but does no damage.
Duvessa throws a stone.
The stone hits you.
* * * LOW HITPOINT WARNING * * *
You see here a +4 dagger of electrocution.
Things that are here:
a +0 mace; a +0 leather armour; an orc skeleton
Okay, then.
Okay, then.
You start resting.
Duvessa is nearby!
Duvessa is nearby!
Space bends around you!
You blink.
Dowan shouts!
Duvessa hits you with a +0 short sword.
* * * LOW HITPOINT WARNING * * *
You hit Duvessa but do no damage. Duvessa closely misses you.
Duvessa hits you with a +0 short sword!
You die...

######
#ยง.@.#
####e#
#.# #.#
#.# #e#
####.#
#.##.#
##...#


You could see Duvessa and Dowan.

Vanquished Creatures
  A killer bee (D:4)
  A bullfrog zombie (D:5)
  2 hounds
  An iguana (D:5)
  An orc wizard (D:4)
  A hound skeleton (D:4)
  5 adders
  4 worms
  4 orcs
  5 ball pythons
  4 bats
  3 endoplasms
  5 giant cockroaches
  2 goblins
  8 hobgoblins
  A quokka (D:2)
  4 frilled lizards
  4 kobolds (D:1)
  4 rats
60 creatures vanquished.

Vanquished Creatures (others)
  A fungus (D:1)
1 creature vanquished.

Grand Total: 61 creatures vanquished

Notes
Turn   | Place    | Note
-------+----------+-------------------------------------------
     0 | Abyss:1  | meatgazer the Demonspawn Abyssal Knight began the quest for
                  | the Orb.
     0 | Abyss:1  | Reached XP level 1. HP: 18/18 MP: 2/2
     5 | Abyss:2  | Found a corrupted altar of Lugonu.
    31 | Abyss:2  | Noticed a quasit
    39 | Abyss:2  | Found a corrupted altar of Lugonu.
    70 | Abyss:4  | Noticed a wretched star
    70 | Abyss:4  | Found a corrupted altar of Lugonu.
    93 | Abyss:4  | Noticed a spriggan defender skeleton
    94 | Abyss:4  | Identified the +5 ring mail "Ruqell" {Rampage rElec Int+3
                  | Dex-5}
    96 | D:1      | Escaped the Abyss
   696 | D:1      | Found a faded altar of an unknown god.
   963 | D:1      | Reached skill level 1 in Dodging
  1386 | D:1      | Gained mutation: You sometimes gain a little power by
                  | taking damage. [demonic ancestry]
  1386 | D:1      | Reached XP level 2. HP: 8/19 MP: 4/4
  1387 | D:1      | Reached * piety under Lugonu
  3060 | D:2      | Gained mutation: You regenerate a little health from kills.
                  | [demonic ancestry]
  3060 | D:2      | Reached XP level 3. HP: 22/23 MP: 5/5
  3822 | D:3      | Reached skill level 1 in Shields
  3822 | D:3      | Reached XP level 4. HP: 10/28 MP: 6/6
  4757 | D:3      | Reached ** piety under Lugonu
  5294 | D:3      | Found a snail-covered altar of Cheibriados.
  6132 | D:4      | Reached XP level 5. HP: 22/37 MP: 7/7
  6136 | D:4      | Noticed Duvessa
  6142 | D:4      | Noticed Dowan
  6147 | D:4      | Identified the ring of Joecko {rN++ MP+9 Stlth+}
  6154 | D:5      | Entered Level 5 of the Dungeon
  6625 | D:5      | Noticed Prince Ribbit
  7053 | D:4      | Gained mutation: You have an unusually large brain. (Int
                  | +2) [demonic ancestry]
  7053 | D:4      | Reached XP level 6. HP: 24/43 MP: 9/9
  7128 | D:4      | Slain by Duvessa

Illustrated notes

Levels and vault maps discovered:
D:1:      dpeg_arrival_connections, layout_loops_cross,
          shapermc_ecumenical_altar_ellora
D:2:      layout_loops_cross, chequers_serial_rivers_micro_c
D:3:      layout_basic, cheibrodos_worm_habitat, dk_noncrumbling_2
D:4:      layout_loops_ring, kennysheep_generic_room_13, uniq_duvessa,
          uniq_crazy_yiuf_cottage
D:5:      layout_loops_ring, lemuel_tele_altar, zin_purify,
          gammafunk_temple_of_torment, uniq_grinder, uniq_blork_the_orc,
          uniq_prince_ribbit1

Skill      XL: |  1  2  3  4  5 |
---------------+----------------+-----
Dodging        | 1 |  1.1
Maces & Flails | 2 3 |  3.2
Invocations    | 3 4 |  4.4
Shields        | 1 2 |  2.9
Fighting       | 4 |  4.2
Armour         | |  1.7

Action                   |  1- 3 |  4- 6 || total
-------------------------+-------+-------++-------
Melee: Mace              |   147 |   161 ||   308
Invok: Depart the Abyss  |     1 |       ||     1
       Bend Space        |       |     1 ||     1
  Use: Potion            |     5 |     3 ||     8
       Scroll            |     3 |     6 ||     9
Armor: Leather armour    |    42 |       ||    42
       Ring mail         |    45 |    82 ||   127
Dodge: Dodged            |    89 |    93 ||   182

Table legend: (Time is in decaauts)
 A = Elapsed time spent in this place.
 B = Non-inter-level travel time spent in this place.
 C = Inter-level travel time spent in this place.
 D = Time resting spent in this place.
 E = Time spent auto-exploring this place.
 F = Levels seen in this place.
 G = Mean time per level.
                   A        B        C        D        E       F      G
               +--------+--------+--------+--------+--------+-----+--------+
         Total |   7218 |   7145 |     73 |   4015 |   2313 |   9 |  802.0 |
       Dungeon |   7122 |   7049 |     73 |   4015 |   2289 |   5 | 1424.4 |
         Abyss |     95 |     95 |      0 |      0 |     24 |   4 |   23.8 |
               +--------+--------+--------+--------+--------+-----+--------+

Top non-repeatable levels by time:
     D:1: 2377 daAuts
     D:3: 2274 daAuts
     D:2: 1358 daAuts
     D:5: 559 daAuts
     D:4: 553 daAuts
 Abyss:2: 39 daAuts
 Abyss:4: 25 daAuts
 Abyss:3: 25 daAuts
 Abyss:1: 4 daAuts
